 Dungeon Crawl Stone Soup version 0.29.0-15-g675c0067aa (webtiles) character file.

Game seed: 14188265991184344946

256 Powertoast the Cutter (level 6, -5/53 HPs)
             Began as a Gnoll Chaos Knight on Sept 12, 2022.
             Was a Plaything of Xom.
             Slain by an orange demon (9 damage)
             ... summoned by Xom
             ... on level 4 of the Dungeon.
             The game lasted 00:12:41 (3035 turns).

Powertoast the Cutter (Gnoll Chaos Knight)          Turns: 3035, Time: 00:12:41

Health: -5/53      AC:  8    Str: 17    XL:     6   Next: 15%
Magic:  3/8        EV: 12    Int: 14    God:    Xom [......]
Gold:   25         SH:  0    Dex: 11    Spells: 5/8 levels left

rFire   . . .      SeeInvis .   a - +0 short sword (chaos)
rCold   . . .      Faith    .   (no shield)
rNeg    . . .      Spirit   .   b - +2 leather armour
rPois   .          Reflect  .   (no helmet)
rElec   .          Harm     .   (no cloak)
rCorr   .          Rampage  .   (no gloves)
Will    .....                   w - +2 pair of boots
Stlth   ++........              o - amulet of regeneration
HPRegen 0.97/turn               d - +6 ring of strength
MPRegen 0.11/turn               t - ring of wizardry

@: lethally poisoned (-5 -> -6), weakened
A: fangs 1, strong nose, distributed training
a: Renounce Religion


You were on level 4 of the Dungeon.
You worshipped Xom.
You were a very special plaything of Xom.
You visited 1 branch of the dungeon, and saw 4 of its levels.

You collected 182 gold pieces.
You spent 157 gold pieces at shops.

Inventory:

Hand Weapons
 a - a +0 short sword of chaos (weapon)
Missiles
 g - 5 poisoned darts
Armour
 b - a +2 leather armour (worn)
 w - a +2 pair of boots (worn)
Jewellery
 d - a +6 ring of strength (left hand)
 o - an amulet of regeneration (around neck)
 p - an amulet of faith
 s - a ring of ice
 t - a ring of wizardry (right hand)
Scrolls
 e - a scroll of acquirement {unknown}
 f - a scroll of enchant weapon {unknown}
 h - 5 scrolls of teleportation
 k - 2 scrolls of vulnerability {unknown}
 n - a scroll of fear {unknown}
 q - a scroll of immolation {unknown}
 r - a scroll of noise {unknown}
 u - a scroll of silence {unknown}
Potions
 i - 4 potions of curing
 j - a potion of resistance {unknown}
 l - 2 potions of heal wounds
 m - 2 potions of mutation
 v - a potion of flight {unknown}
Miscellaneous
 c - a piece from Xom's chessboard (15/15) (quivered)


   Skills:
 + Level 6.8 Fighting
 + Level 6.8 Short Blades
 + Level 1.9 Long Blades
 + Level 1.9 Axes
 + Level 1.9 Maces & Flails
 + Level 1.9 Polearms
 + Level 1.9 Staves
 + Level 1.9 Ranged Weapons
 + Level 1.9 Throwing
 + Level 5.0 Armour
 + Level 3.2 Dodging
 + Level 1.9 Stealth
 + Level 1.9 Shields
 + Level 1.9 Unarmed Combat
 + Level 1.9 Spellcasting
 + Level 1.5 Conjurations
 + Level 1.5 Hexes
 + Level 1.5 Summonings
 + Level 1.5 Necromancy
 + Level 1.5 Translocations
 + Level 1.5 Transmutations
 + Level 1.5 Fire Magic
 + Level 1.5 Ice Magic
 + Level 1.5 Air Magic
 + Level 1.5 Earth Magic
 + Level 1.5 Poison Magic
 + Level 2.1 Invocations
 + Level 1.9 Evocations


You had 5 spell levels left.
You knew the following spells:

 Your Spells              Type           Power      Damage    Failure   Level
a - Poisonous Vapours     Pois/Air       10%        N/A       9%          2
b - Foxfire               Conj/Fire      20%        2x1d5     6%          1

Your spell library contained the following spells:

 Spells                   Type           Power      Damage    Failure   Level
 Call Canine Familiar     Summ           5%         N/A       17%         3
 Conjure Flame            Conj/Fire      5%         6-21      17%         3
 Dazzling Flash           Conj/Hex       10%        N/A       17%         3
 Inner Flame              Hex/Fire       5%         N/A       17%         3
 Portal Projectile        Hex/Tloc       10%        N/A       17%         3
 Corpse Rot               Necr/Pois/Air  5%         N/A       50%         4
 Flame Wave               Conj/Fire      5%         2d5       50%         4
 Iskenderun's Mystic Bla  Conj/Tloc      5%         2d3       50%         4
 Leda's Liquefaction      Hex/Erth       2%         N/A       50%         4
 Starburst                Conj/Fire      2%         6d3       100%        6


Dungeon Overview and Level Annotations

Branches:
Dungeon (4/15)             Temple (0/1) D:4

Altars:
Fedhas
Yredelemnul

Shops:
D:3 [   D:4 *


Innate Abilities, Weirdness & Mutations

You have very sharp teeth.
Your uncanny sense of smell can sniff out nearby items.
Your experience applies equally to all skills.


Message History

Found a dagger.
Found a stone staircase leading up.
The orange demon closely misses you. The orange demon hits you.
You hit the orange demon.
The orange demon is poisoned.
You bite the orange demon.
The orange demon is lightly wounded.
You barely miss the orange demon.
You bite the orange demon, but do no damage.
The orange demon is moderately wounded.
The orange demon stings you.
The orange demon hits you but does no damage.
You hit the orange demon but do no damage.
The orange demon is moderately wounded.
The orange demon barely misses you. The orange demon completely misses you.
You barely miss the orange demon. You bite the orange demon.
The orange demon is moderately wounded.
The wight closely misses you. The orange demon stings you!
You are poisoned.
The orange demon poisons you! The orange demon hits you.
You feel your attacks grow feeble.
You feel very sick. The orange demon stings you from afar.
You are more poisoned.
The orange demon poisons you!
You feel extremely sick.
Your magical contamination has completely faded away.
The wight attacks as you move away! The wight barely misses you.
You feel very sick.
You feel very sick. The wight attacks as you move away!
The wight barely misses you.
You feel very sick.
You feel sick. The wight attacks as you move away!
The wight hits you with a +5 great sword!
* * * LOW HITPOINT WARNING * * *
You feel sick.
There is a stone staircase leading up here.
You feel sick. The wight hits you but does no damage.
The wight closely misses you. The orange demon stings you from afar!
You die...
Xom roars with laughter!

############ #####
####.....z@...# .....
.........z....+
.....#####...zz.4...#
......................#
.......#............#.#
....)...............# #
....................#
(.....$.......?.....#
................)...#


You could see an orange demon (summoned, poisoned) and 4 wights.

Vanquished Creatures
  A scorpion (D:4)
  An iguana (D:4)
  4 gnolls (D:3)
  7 adders
  2 worms (D:4)
  4 ball pythons
  10 endoplasms
  2 giant cockroaches
  6 goblins
  8 hobgoblins
  2 quokkas
  7 bats
  4 frilled lizards
  6 kobolds
  2 rats
66 creatures vanquished.

Vanquished Creatures (others)
  26 foxfires
26 creatures vanquished.

Grand Total: 92 creatures vanquished

Notes
Turn   | Place    | Note
-------+----------+-------------------------------------------
     0 | D:1      | Powertoast the Gnoll Chaos Knight began the quest for the
                  | Orb.
     0 | D:1      | Reached XP level 1. HP: 23/23 MP: 1/1
   400 | D:1      | Reached XP level 2. HP: 26/29 MP: 2/2
   509 | D:1      | XOM: potion effect (might)
   842 | D:1      | XOM: divination: detect creatures
  1090 | D:2      | Reached XP level 3. HP: 34/35 MP: 2/4
  1171 | D:2      | Reached skill level 1 in Invocations
  1275 | D:2      | XOM: 1-stop teleportation journey
  1310 | D:2      | Found a faded altar of an unknown god.
  1329 | D:2      | Reached skill level 1 in Long Blades
  1329 | D:2      | Reached skill level 1 in Axes
  1329 | D:2      | Reached skill level 1 in Maces & Flails
  1329 | D:2      | Reached skill level 1 in Polearms
  1329 | D:2      | Reached skill level 1 in Staves
  1329 | D:2      | Reached skill level 1 in Ranged Weapons
  1329 | D:2      | Reached skill level 1 in Throwing
  1329 | D:2      | Reached skill level 1 in Stealth
  1329 | D:2      | Reached skill level 1 in Shields
  1329 | D:2      | Reached skill level 1 in Unarmed Combat
  1329 | D:2      | Reached skill level 1 in Spellcasting
  1329 | D:2      | Reached skill level 1 in Evocations
  1727 | D:3      | Learned a level 2 spell: Poisonous Vapours
  1840 | D:3      | Learned a level 1 spell: Foxfire
  2000 | D:3      | Reached XP level 4. HP: 41/41 MP: 5/5
  2009 | D:3      | Found Veada's Antique Armour Shoppe.
  2018 | D:3      | Bought a pair of embroidered boots for 157 gold pieces
  2076 | D:3      | Found a basalt altar of Yredelemnul.
  2111 | D:3      | Reached skill level 1 in Conjurations
  2111 | D:3      | Reached skill level 1 in Hexes
  2111 | D:3      | Reached skill level 1 in Summonings
  2111 | D:3      | Reached skill level 1 in Necromancy
  2111 | D:3      | Reached skill level 1 in Translocations
  2111 | D:3      | Reached skill level 1 in Transmutations
  2111 | D:3      | Reached skill level 1 in Fire Magic
  2111 | D:3      | Reached skill level 1 in Ice Magic
  2111 | D:3      | Reached skill level 1 in Air Magic
  2111 | D:3      | Reached skill level 1 in Earth Magic
  2111 | D:3      | Reached skill level 1 in Poison Magic
  2172 | D:3      | XOM: noise
  2173 | D:3      | Found a blossoming altar of Fedhas.
  2185 | D:3      | XOM: 2-stop teleportation journey
  2312 | D:3      | Reached XP level 5. HP: 47/47 MP: 5/7
  2440 | D:3      | You fall into a shaft and drop 1 floor!
  2589 | D:4      | Found a staircase to the Ecumenical Temple.
  2641 | D:4      | Found Pamirph's Practical Paraphernalia.
  2833 | D:4      | XOM: summons 1 hostile shadow creature
  2862 | D:4      | Reached XP level 6. HP: 53/53 MP: 1/8
  3014 | D:4      | Reached skill level 5 in Armour
  3020 | D:4      | XOM: summons 1 hostile demon
  3021 | D:4      | Noticed an orange demon
  3035 | D:4      | Slain by an orange demon

Illustrated notes

Levels and vault maps discovered:
D:1:      dpeg_arrival_tiny_a, layout_basic, minivault_27
D:2:      layout_basic, ebering_ecumenical_altar_abandoned
D:3:      layout_loops_ring, mainiacjoe_overflow_catwalk_spiral, serial_shops,
          shop, patterned_corridor
D:4:      minmay_skewed_foursquare, layout_basic, temple_doors_ab,
          nicolae_alphabet_shops, uniq_natasha, uniq_edmund

Skill      XL: |  1  2  3  4  5  6 |
---------------+-------------------+-----
Invocations    | 1 2 |  2.1
Long Blades    | 1 |  1.9
Axes           | 1 |  1.9
Maces & Flails | 1 |  1.9
Polearms       | 1 |  1.9
Staves         | 1 |  1.9
Ranged Weapons | 1 |  1.9
Throwing       | 1 |  1.9
Stealth        | 1 |  1.9
Shields        | 1 |  1.9
Unarmed Combat | 1 |  1.9
Spellcasting   | 1 |  1.9
Evocations     | 1 |  1.9
Conjurations   | 1 |  1.5
Hexes          | 1 |  1.5
Summonings     | 1 |  1.5
Necromancy     | 1 |  1.5
Translocations | 1 |  1.5
Transmutations | 1 |  1.5
Fire Magic     | 1 |  1.5
Ice Magic      | 1 |  1.5
Air Magic      | 1 |  1.5
Earth Magic    | 1 |  1.5
Poison Magic   | 1 |  1.5
Dodging        | 3 |  3.2
Armour         | 5 |  5.0
Fighting       | |  6.8
Short Blades   | |  6.8

Action                   |  1- 3 |  4- 6 || total
-------------------------+-------+-------++-------
Melee: Short sword       |   137 |   130 ||   267
       Bite              |    12 |    25 ||    37
       Punch             |       |     4 ||     4
 Cast: Poisonous Vapours |     2 |     8 ||    10
       Foxfire           |     2 |    14 ||    16
Evoke: Piece from Xom's  |     2 |     2 ||     4
  Use: Scroll            |     2 |     3 ||     5
 Stab: Confused          |     1 |       ||     1
       Petrifying        |     1 |       ||     1
       Sleeping          |     1 |       ||     1
       Paralysed         |       |     1 ||     1
Armor: Ring mail         |    30 |       ||    30
       Leather armour    |    27 |    39 ||    66
Dodge: Dodged            |    74 |    82 ||   156
